 Dungeon Crawl Stone Soup version 0.20-a0-548-g4f8a798 (webtiles) character file.

14908 pichaelthompson the Cleaver (level 11, 0/84 HPs)
             Began as a Demonspawn Berserker on Feb 1, 2017.
             Was a High Priest of Trog.
             Slain by a hornet (6 damage)
             ... on level 10 of the Dungeon on Feb 2, 2017.
             The game lasted 01:09:32 (15368 turns).

pichaelthompson the Cleaver (Demonspawn Berserker) Turns: 15368, Time: 01:09:32

Health: 0/84       AC: 14    Str: 24    XL:     11   Next: 94%
Magic:  11/11      EV: 11    Int: 12    God:    Trog [*****.]
Gold:   566        SH: 14    Dex: 13    Spells: 10/10 levels left

rFire    . . .     SeeInvis .   f - +2 hand axe (freeze)
rCold    + . .     Gourm    .   i - +0 chain mail
rNeg     . . .     Faith    .   d - +2 buckler
rPois    .         Spirit   .   (no helmet)
rElec    .         Reflect  .   n - +0 cloak of Rotation {Str+5 Int+2} (curse)
rCorr    .         Harm     .   y - +0 pair of gloves
MR       .....                  m - +0 pair of boots
Stlth    ..........             (no amulet)
Regen    0.3/turn               (no ring)
                                w - ring of protection from cold

@: exhausted, about to teleport, slowed, very slow
A: hooves 2, large bone plates 2, foul stench 1, rot immunity
a: Berserk, Trog's Hand, Brothers in Arms, Burn Spellbooks, Renounce Religion


You were on level 10 of the Dungeon.
You worshipped Trog.
Trog was extremely pleased with you.
You were hungry.

You visited 1 branch of the dungeon, and saw 10 of its levels.
You also visited: Sewer.

You collected 566 gold pieces.

Inventory:

Hand Weapons
 b - a +2 trident of protection
 f - a +2 hand axe of freezing (weapon)
 x - a cursed +4 long sword
 M - a +0 hand axe of electrocution
 N - a cursed -2 scimitar
 P - a +2 dagger of chaos
Armour
 d - a +2 buckler (worn)
 i - a +0 chain mail (worn)
 m - a +0 pair of boots (worn)
 n - the cursed +0 cloak of Rotation (worn) {Str+5 Int+2}
   (You found it on level 9 of the Dungeon)

   It affects your strength (+5).
   It affects your intelligence (+2).
   It has a curse placed upon it.
 y - a +0 pair of gloves (worn)
 G - a +0 troll leather armour
Jewellery
 w - a ring of protection from cold (left hand)
Wands
 H - a wand of acid (2/15)
 J - a wand of acid (5/15)
 O - a wand of iceblast (8/15)
Scrolls
 e - 6 scrolls of teleportation
 j - a scroll of fear {unknown}
 k - a scroll of remove curse
 l - 3 scrolls of enchant weapon {unknown}
 q - 2 scrolls of magic mapping
 r - a scroll of recharging
 t - a scroll of blinking
 u - a scroll of immolation {unknown}
 v - 2 scrolls of fog {unknown}
 B - a scroll of vulnerability {unknown}
 C - a scroll of noise {unknown}
 E - a scroll of enchant armour {unknown}
 F - 4 scrolls of identify
Potions
 g - 3 potions of magic
 o - 3 potions of invisibility
 p - 2 potions of lignification
 s - a potion of agility
 A - a potion of berserk rage
 D - 3 potions of might
 I - a potion of haste {unknown}
Books
 z - a book of Callings

   Spells                             Type                      Level
   a - Summon Small Mammal            Summoning                    1
   b - Call Imp                       Summoning                    2
   c - Call Canine Familiar           Summoning                    3
   d - Summon Guardian Golem          Hexes/Summoning              3
   e - Summon Lightning Spire         Summoning/Air                4
   f - Summon Ice Beast               Ice/Summoning                4
   Trog disapproves of the use of such an item.
 K - a book of Flames

   Spells                             Type                      Level
   a - Flame Tongue                   Conjuration/Fire             1
   b - Throw Flame                    Conjuration/Fire             2
   c - Conjure Flame                  Conjuration/Fire             3
   d - Inner Flame                    Hexes/Fire                   3
   e - Sticky Flame                   Conjuration/Fire             4
   f - Fireball                       Conjuration/Fire             5
   Trog disapproves of the use of such an item.
Comestibles
 a - a meat ration
 c - 4 bread rations
 L - 12 chunks of flesh


   Skills:
 + Level 7.5 Fighting
 + Level 10.8(11.0) Axes
 + Level 3.6(7.9) Polearms
 + Level 7.4 Armour
 + Level 4.8 Dodging
 + Level 1.3 Stealth
 + Level 9.1 Shields
 + Level 0.2 Evocations


You had 10 spell levels left.
You didn't know any spells.

Dungeon Overview and Level Annotations

Branches:
Dungeon (10/15)            Temple (0/1) D:4            Lair (0/6) D:8
    Orc: D:9-12

Altars:
Ashenzari
Elyvilon
Hepliaklqana
Ru
Uskayaw
The Shining One

Annotations:
D:10 Atlas's ghost, journeyman MiFi


Innate Abilities, Weirdness & Mutations

You have hoof-like feet.
You are mostly covered in large bone plates. (SH +6)
You may emit foul miasma when damaged in melee.
You are immune to rotting.


Message History

You hit Atlas's ghost but do no damage.
The electric eel shoots out a bolt of lightning at you!
The bolt of electricity hits you!
* * * LOW HITPOINT WARNING * * *
The worker ant waves its antennae.
Atlas's ghost laughs crazily.
Atlas's ghost hits you but does no damage.
Things that are here:
a hand axe; a potion of heal wounds Atlas's ghost hits you!
* * * LOW HITPOINT WARNING * * *
A hornet comes into view.
You block the hornet's attack. You block Atlas's ghost's attack.
As you read the scroll of teleportation, it crumbles to dust.
You feel strangely unstable. The hornet closely misses you. x2
You block Atlas's ghost's attack.
A yak comes into view.
The yak bellows!
You block Atlas's ghost's attack. The hornet stings you.
You die...

..... ..Y#....... ....
..#....... .###...
#.........# ......
#..#......######....
..#.......##.....#. #
#........##....#.. #.
#.......<##.......
#.##@................
#.yW.....(..........
#.##....((...........
#####........##.......
........).).....<...#..
#........).............
####.#..#.8≈≈≈≈≈≈≈≈≈≈≈≈
#.#>...≈8≈≈≈≈≈≈≈≈≈≈≈
#.#$...≈≈a'######


You could see a yak, a hornet and Atlas's ghost.

Vanquished Creatures
  3 two-headed ogres
  The ghost of unseenchild the Destroyer, a novice DgCj (D:8)
  The ghost of idiolect the Cudgeler, an amateur TrAK of Lugonu (Sewer)
  2 hornets (D:10)
  6 trolls
  2 hippogriffs
  The ghost of functor the Magician, an amateur DEWz of Sif Muna (D:5)
  A wyvern (D:8)
  5 yaks (D:10)
  A water moccasin (D:10)
  4 sky beasts
  An ice beast (D:9)
  5 orc warriors
  A black bear (D:9)
  2 necrophages (D:8)
  5 ogres
  3 phantoms
  12 centaurs
  A crocodile (Sewer)
  2 big kobolds (D:9)
  Blork the orc (D:4)
  10 bullfrogs
  3 scorpions
  66 killer bees
  12 wights
  A howler monkey (D:8)
  An electric eel (D:8)
  A centaur zombie (D:8)
  A bullfrog zombie (D:9)
  3 jellies
  10 hounds
  5 orc priests
  8 orc wizards
  3 bullfrog skeletons
  6 worker ants
  5 iguanas
  2 hound skeletons
  20 adders
  15 gnolls
  An adder zombie (D:6)
  3 adder skeletons
  2 worms
  3 dart slugs
  The ghost of dogface the Conjurer, a weakling DECj (D:3)
  An adder simulacrum (D:7)
  5 leopard geckos
  26 orcs
  3 giant cockroaches
  4 goblins
  9 hobgoblins
  8 jackals
  2 quokkas
  A ball python zombie (D:6)
  15 bats
  A frilled lizard (D:2)
  A jackal zombie (D:6)
  18 kobolds
  A leopard gecko zombie (D:7)
  10 rats
  3 plants (D:1)
350 creatures vanquished.

Vanquished Creatures (collateral kills)
  Psyche (D:10)
  An orc wizard (D:10)
  2 orcs (D:10)
4 creatures vanquished.

Grand Total: 354 creatures vanquished

Notes
Turn   | Place    | Note
-------+----------+-------------------------------------------
     0 | D:1      | pichaelthompson the Demonspawn Berserker began the quest for the Orb.
     0 | D:1      | Reached XP level 1. HP: 18/18 MP: 1/1
   714 | D:1      | Gained mutation: You are partially covered in large bone plates. (SH +4) [demonic ancestry]
   714 | D:1      | Reached XP level 2. HP: 23/24 MP: 2/2
  2080 | D:2      | Gained mutation: You are immune to rotting. [demonic ancestry]
  2080 | D:2      | Reached XP level 3. HP: 29/29 MP: 3/3
  2689 | D:2      | Gained mutation: You are mostly covered in large bone plates. (SH +6) [demonic ancestry]
  2689 | D:2      | Reached XP level 4. HP: 19/35 MP: 4/4
  2695 | D:2      | Reached skill level 1 in Shields
  2695 | D:2      | HP: 1/52 [gnoll/halberd (6)]
  3536 | D:3      | Reached ** piety under Trog
  3594 | D:3      | Noticed dogface's ghost (weakling DECj)
  3600 | D:3      | Killed dogface's ghost
  3946 | D:3      | Reached XP level 5. HP: 41/41 MP: 5/5
  4177 | D:3      | Reached skill level 1 in Axes
  4413 | D:4      | Noticed an ogre
  4421 | D:4      | Killed an ogre
  4421 | D:4      | Reached XP level 6. HP: 47/47 MP: 6/6
  4432 | D:4      | Reached skill level 2 in Axes
  4637 | D:4      | Found a glowing drain.
  4650 | D:4      | Found a staircase to the Ecumenical Temple.
  4651 | D:4      | Noticed Blork the orc
  4662 | D:4      | Killed Blork the orc
  4709 | D:4      | Reached XP level 7. HP: 53/53 MP: 7/7
  4735 | Sewer    | Entered a sewer
  4735 | Sewer    | Noticed idiolect's ghost (amateur TrAK)
  4739 | Sewer    | Reached *** piety under Trog
  4743 | Sewer    | Killed idiolect's ghost
  4743 | Sewer    | Reached skill level 3 in Axes
  5139 | D:4      | You fall through a shaft for 3 floors!
  5184 | D:7      | Reached skill level 4 in Axes
  5340 | D:7      | Gained mutation: You have large cloven feet. [demonic ancestry]
  5340 | D:7      | Reached XP level 8. HP: 60/60 MP: 8/8
  5377 | D:6      | Reached skill level 5 in Axes
  5503 | D:5      | Entered Level 5 of the Dungeon
  5532 | D:5      | Reached skill level 1 in Stealth
  6084 | D:5      | Noticed functor's ghost (amateur DEWz)
  6091 | D:5      | Killed functor's ghost
  6091 | D:5      | Reached skill level 6 in Axes
  6440 | D:5      | Reached XP level 9. HP: 35/66 MP: 9/9
  6798 | D:5      | Reached **** piety under Trog
  7293 | D:6      | Found a white marble altar of Elyvilon.
  7315 | D:6      | Found a hazy altar of Hepliaklqana.
  7327 | D:6      | Reached skill level 5 in Shields
  7521 | D:6      | Found a glowing golden altar of the Shining One.
  7569 | D:6      | Reached skill level 7 in Axes
  7814 | D:6      | Reached skill level 5 in Fighting
  8430 | D:7      | Reached skill level 5 in Armour
  8431 | D:7      | Found a sacrificial altar of Ru.
  8788 | D:7      | Reached skill level 8 in Axes
  9490 | D:8      | Noticed a two-headed ogre
  9501 | D:8      | Killed a two-headed ogre
  9501 | D:8      | Gained mutation: You have hoof-like feet. [demonic ancestry]
  9501 | D:8      | Reached XP level 10. HP: 67/76 MP: 10/10
  9922 | D:8      | Noticed unseenchild's ghost (novice DgCj)
 10524 | D:8      | Reached ***** piety under Trog
 10524 | D:8      | Reached skill level 9 in Axes
 10793 | D:8      | Found a staircase to the Lair.
 11198 | D:8      | Killed unseenchild's ghost
 11898 | D:9      | Received a gift from Trog
 11944 | D:9      | Noticed a two-headed ogre
 11958 | D:9      | Killed a two-headed ogre
 12062 | D:9      | Gained mutation: You may emit foul miasma when damaged in melee. [demonic ancestry]
 12062 | D:9      | Reached XP level 11. HP: 51/83 MP: 11/11
 12457 | D:9      | Found a hide-covered altar of Uskayaw.
 12766 | D:9      | Found a shattered altar of Ashenzari.
 12979 | D:9      | Reached skill level 10 in Axes
 13456 | D:9      | Got a jewelled cloak
 13462 | D:9      | Identified the cursed +0 cloak of Rotation {Str+5 Int+2} (You found it on level 9 of the Dungeon)
 13505 | D:9      | Received a gift from Trog
 13513 | D:9      | Noticed a two-headed ogre
 13542 | D:9      | Killed a two-headed ogre
 14538 | D:10     | Entered Level 10 of the Dungeon
 15195 | D:10     | Noticed Psyche
 15204 | D:10     | Killed Psyche
 15339 | D:10     | Paralysed by a hornet for 3 turns
 15344 | D:10     | Paralysed by a hornet for 2 turns
 15357 | D:10     | Noticed Atlas's ghost (journeyman MiFi)
 15368 | D:10     | Slain by a hornet

Vault maps used:
D:1:      roderic_crop_circles_arrival_small
D:2:      serial_bayou_ford_a, minmay_tiny_reverse_x
D:3:      first_bread, wad_floor_pattern_1, minmay_misc_feat_square
D:4:      minmay_temple_entry_grid, gup_sewer_entry_glass,
          hangedman_decor_riveting, serial_park_tiny_2, roderic_batcave,
          uniq_blork_the_orc
D:5:      patterned_corridor
D:6:      grunt_temple_overflow_open, lemuel_round_altar, serial_undead,
          serial_undead_b, serial_undead_f, serial_undead_a, serial_undead_b
D:7:      kennysheep_big_flooded_room, nicolae_ru_sacrificial_ziggurat
D:8:      erik_lair_island
D:9:      wad_woods_minihive, lemuel_crystal_altar, kennysheep_little_box,
          minmay_misc_feat_doors
D:10:     erik_orc_2, basic_altar, hangedman_pestilent_swarm, uniq_psyche
Sewer:    sewer_the_crocodile

Skill      XL: |  1  2  3  4  5  6  7  8  9 10 11 |
---------------+----------------------------------+-----
Polearms       | 3 |  3.6
Dodging        | 2 3 4 |  4.8
Shields        | 1 2 3 4 6 7 9 |  9.1
Armour         | 2 3 4 5 6 7 |  7.4
Axes           | 1 2 4 6 8 9 10 | 10.8
Fighting       | 4 5 6 7 |  7.5
Stealth        | 1 |  1.3
Evocations     | |  0.2

Action                   |  1- 3 |  4- 6 |  7- 9 | 10-12 || total
-------------------------+-------+-------+-------+-------++-------
Melee: Spear             |   324 |    89 |       |       ||   413
       Hand axe          |       |    70 |   426 |   633 ||  1129
Invok: Berserk           |     3 |     6 |    10 |    17 ||    36
       Burn Spellbooks   |       |       |     1 |       ||     1
       Trog's Hand       |       |       |       |     1 ||     1
       Brothers in Arms  |       |       |       |     1 ||     1
Evoke: Wand              |       |       |       |     1 ||     1
  Use: Scroll            |     7 |     3 |     5 |     3 ||    18
       Potion            |       |       |       |     7 ||     7
  Eat: Chunk             |     6 |     7 |    17 |    20 ||    50
       Royal jelly       |     1 |       |       |     1 ||     2
       Meat ration       |       |     1 |     1 |     3 ||     5
       Fruit             |       |     1 |     7 |       ||     8
Armor: Animal skin       |    20 |       |       |       ||    20
       Ring mail         |    11 |    28 |       |       ||    39
       Chain mail        |       |    18 |   140 |   239 ||   397
Dodge: Dodged            |    51 |    54 |   114 |   244 ||   463
Block: Buckler           |    59 |   112 |   252 |   533 ||   956
